 Dungeon Crawl Stone Soup version 0.31-a0-726-g3c93526463 (webtiles) character file.

Game seed: 15769456447025929183

233 Revguard the Trooper (level 5, -7/43 HPs)
             Began as a Demonspawn Fighter on Sept 11, 2023.
             Mangled by Grinder (9 damage)
             ... on level 3 of the Dungeon.
             The game lasted 00:05:08 (2550 turns).

Revguard the Trooper (Demonspawn Fighter)           Turns: 2550, Time: 00:05:09

Health: -7/43      AC:  7    Str: 21    XL:     5   Next: 75%
Magic:  6/6        EV:  8    Int: 12    God:
Gold:   71         SH:  8    Dex: 11    Spells: 4/4 levels left

rFire   . . .        a - +0 war axe
rCold   . . .        o - +0 kite shield
rNeg    . . .        b - +0 scale mail
rPois   .            (helmet restricted)
rElec   .            (no cloak)
rCorr   .            (no gloves)
SInv    .            (no boots)
Will    .....        (no amulet) Stlth
                     (no ring)
HPRegen 0.27/turn    (no ring)
MPRegen 0.10/turn

%: no passive effects
@: no status effects
A: antennae 1, rugged brown scales 1, clever 1, strong 1
a: no special abilities


You were on level 3 of the Dungeon.
You visited 1 branch of the dungeon, and saw 3 of its levels.

You collected 134 gold pieces.
You spent 63 gold pieces at shops.

Inventory:

Hand Weapons
 a - a +0 war axe (weapon)
Armour
 b - a +0 scale mail (worn)
 c - a +0 buckler
 o - a +0 kite shield (worn)
Scrolls
 d - a scroll of poison {unknown}
 f - a scroll of enchant armour {unknown}
 g - a scroll of identify {unknown}
 h - a scroll of silence {unknown}
 i - a scroll of acquirement {unknown}
 j - a scroll of fear {unknown}
 k - 2 scrolls of teleportation {unknown}
 l - a scroll of blinking {unknown}
 m - a scroll of revelation {unknown}
 n - 3 scrolls of immolation {unknown}
 p - a scroll of fog {unknown}
Potions
 e - a potion of brilliance


   Skills:
 * Level 4.0 Fighting
 + Level 2.5 Axes
 + Level 3.2 Armour
 + Level 1.4 Dodging
 * Level 3.7 Shields
 + Level 2.0 Invocations
 + Level 1.3 Evocations


You had 4 spell levels left.
You didn't know any spells.
Your spell library contained the following spells:

 Spells                   Type           Power      Damage    Failure   Level
 Sublimation of Blood     Necr           0%         N/A       97%         2
 Wereblood                Tmut           0%         N/A       97%         2
 Summon Hydra             Summ           0%         N/A       100%        7


Dungeon Overview and Level Annotations

Branches:
Dungeon (3/15)

Altars:

Shops:
D:3 [

Annotations:
D:3 Grinder


Innate Abilities, Weirdness & Mutations

You have a pair of small antennae on your head.
You are partially covered in rugged brown scales. (AC +1, +3% HP)
Your mind is acute. (Int +4, Str/Dex -1)
Your muscles are strong. (Str +4, Int/Dex -1)


Message History

You slash Grinder!
Grinder is moderately wounded.
You hit the quokka. You closely miss the orc. Grinder barely misses you.
The orc barely misses you. The quokka barely misses you. Grinder hits you!
The orc hits you with a +0 club. The quokka closely misses you.
You closely miss Grinder.
Grinder is moderately wounded.
You hit the orc.
You kill the orc!
You closely miss the quokka.
The quokka bites you but does no damage.
Grinder gestures at you.
You barely resist.
Your Fighting skill increases to level 4!
You barely miss Grinder.
Grinder is moderately wounded.
You barely miss the quokka. The quokka misses you. Grinder hits you.
You writhe in agony.
You block the quokka's attack. The goblin hits you but does no damage.
Grinder closely misses you.
Unknown command.
You hit Grinder.
Grinder is moderately wounded.
You hit the goblin. You hit the quokka.
You kill the quokka!
Grinder hits you!
* * * LOW HITPOINT WARNING * * *
You writhe in agony.
* * * LOW HITPOINT WARNING * * *
The goblin hits you with a +0 dagger.
* * * LOW HITPOINT WARNING * * *
It was a potion of mutation.
You feel extremely strange.
You feel stronger.
You feel clever. You block Grinder's attack. The goblin barely misses you.
You hit Grinder.
Grinder is moderately wounded.
You slash the goblin!
You kill the goblin!
You block Grinder's attack. Grinder hits you!
You die...
Grinder says, "Now the real fun starts!"

#. #.... ....... . ##.).. .......
#.##))..# ....... #.#.#)>....
....... #.#...).##. .......
..#...#.####.
.#.....#####.).....##### .#
#...)................ ##.# ##>5@#
#####........# #..#.
##).##..####......## #...
####....^.###........
###.####..#..#.........#....
###...##....#.................
####.....####..#..###.###........
#.........|..#..##...#...#.......
#.##.........#...#..[#...#.......
#.##........###..#...#..###......


You could see Grinder.

Vanquished Creatures
  A howler monkey (D:2)
  8 gnolls
  3 adders (D:2)
  2 worms
  4 dart slugs
  An orc (D:3)
  7 ball pythons
  3 endoplasms
  2 giant cockroaches (D:1)
  6 goblins
  6 hobgoblins
  12 jackals
  2 quokkas
  9 bats
  2 frilled lizards
  4 kobolds
  5 rats
77 creatures vanquished.

Notes
Turn   | Place    | Note
-------+----------+-------------------------------------------
     0 | D:1      | Revguard the Demonspawn Fighter began the quest for the
                  | Orb.
     0 | D:1      | Reached XP level 1. HP: 18/18 MP: 1/1
   111 | D:1      | Gained mutation: You have a pair of small antennae on your
                  | head. [demonic ancestry]
   111 | D:1      | Reached XP level 2. HP: 21/24 MP: 2/2
   438 | D:1      | Reached XP level 3. HP: 29/29 MP: 3/3
   834 | D:2      | Reached skill level 1 in Invocations
   875 | D:2      | Reached XP level 4. HP: 29/35 MP: 4/4
   921 | D:2      | Reached skill level 1 in Dodging
  1203 | D:2      | Reached skill level 1 in Evocations
  1343 | D:2      | Gained mutation: You are partially covered in rugged brown
                  | scales. (AC +1, +3% HP) [demonic ancestry]
  1343 | D:2      | Reached XP level 5. HP: 36/42 MP: 6/6
  1548 | D:2      | HP: 1/43 [poisoned by an adder]
  2337 | D:3      | Found Zodele's Armour Shop.
  2350 | D:3      | Bought a +0 kite shield for 63 gold pieces
  2538 | D:3      | Noticed Grinder
  2547 | D:3      | Reached skill level 4 in Fighting
  2548 | D:3      | HP: 2/43 [goblin/+0 dagger (3)]
  2549 | D:3      | Gained mutation: Your muscles are strong. (Str +4, Int/Dex
                  | -1) [potion of mutation]
  2549 | D:3      | Gained mutation: Your mind is acute. (Int +4, Str/Dex -1)
                  | [potion of mutation]
  2550 | D:3      | Mangled by Grinder

Illustrated notes

Levels and vault maps discovered:
D:1:      ldierk_walled_garden_2, layout_loops_ring
D:2:      layout_loops_corners, kennysheep_small_spiral, nrook_loot_triangle,
          chequers_serial_rivers_small_3
D:3:      layout_rooms, serial_shops, nicolae_shop_tiny_statue_garden,
          serial_park_tiny_2, nicolae_titane, uniq_grinder

Skill      XL: |  1  2  3  4  5 |
---------------+----------------+-----
Axes           | 2 |  2.5
Shields        | 3 |  3.7
Invocations    | 1 2 |  2.0
Armour         | 3 |  3.2
Dodging        | 1 |  1.4
Evocations     | 1 |  1.3
Fighting       | 4 |  4.0

Action                     |  1- 3 |  4- 6 || total
---------------------------+-------+-------++-------
  Melee: War axe           |    93 |   141 ||   234
    Use: Potion            |       |     6 ||     6
   Stab: Invisible         |       |     2 ||     2
 Armour: Scale mail        |    82 |   137 ||   219
  Dodge: Dodged            |    36 |    98 ||   134
  Block: Buckler           |    30 |    40 ||    70
         Kite shield       |       |    23 ||    23

Table legend: (Time is in decaauts)
 A = Elapsed time spent in this place.
 B = Non-inter-level travel time spent in this place.
 C = Inter-level travel time spent in this place.
 D = Time resting spent in this place.
 E = Time spent auto-exploring this place.
 F = Levels seen in this place.
 G = Mean time per level.
                   A        B        C        D        E       F      G
               +--------+--------+--------+--------+--------+-----+--------+
         Total |   2654 |   2608 |     46 |    288 |   1689 |   3 |  884.7 |
       Dungeon |   2654 |   2608 |     46 |    288 |   1689 |   3 |  884.7 |
               +--------+--------+--------+--------+--------+-----+--------+

Top non-repeatable levels by time:
     D:2: 1349 daAuts
     D:1: 815 daAuts
     D:3: 489 daAuts
